 Dungeon Crawl Stone Soup version 0.26-a0-778-g3fe0686644 (webtiles) character file.

Game seed: 15282656298961167594

668055 strifetoe the Messiah (level 27, -30/300 HPs)
             Began as a Hill Orc Fighter on Nov 7, 2020.
             Was the Champion of Beogh.
             Annihilated by an Orb Guardian (31 damage)
             ... on level 5 of the Realm of Zot on Nov 10, 2020.
             The game lasted 04:21:16 (90143 turns).

strifetoe the Messiah (Hill Orc Fighter)           Turns: 90143, Time: 04:21:17

Health: -30/300    AC: 43    Str: 32    XL:     27
Magic:  0/40       EV: 18    Int:  7    God:    Beogh [******]
Gold:   3159       SH:  5    Dex: 17    Spells: 26/26 levels left

rFire    + + .     SeeInvis .   q - +3 executioner's axe (drain)
rCold    + . .     Faith    .   (shield currently unavailable)
rNeg     + + .     Spirit   +   N - +12 gold dragon scales
rPois    +         Reflect  +   j - +2 hat of the Bear Spirit {Spirit, +Rage rN+ MR++}
rElec    .         Harm     .   d - +2 ratskin cloak {*Rats rPois rN+ Str-1 Int-1 Dex+1}
rCorr    .         Rampage  .   c - +2 pair of gloves {Str+3}
MR       ++++.                  g - +2 pair of boots
Stlth    ..........             H - amulet "Qierao" {Reflect Str+3 Int+4 Dex+5 SH+5}
HPRegen  0.60/turn              I - ring of protection from fire
MPRegen  0.27/turn              k - +4 ring of slaying

@: no status effects
A: walk on water, clumsy 1, deformed body, deterioration 1, dopey 2, robust 1,
weak 1
}: 3/15 runes: decaying, silver, gossamer
a: Smiting, Recall Orcish Followers, Give Item to Named Follower, Resurrection,
Renounce Religion, Evoke Berserk Rage


You were on level 5 of the Realm of Zot.
You worshipped Beogh.
Beogh was exalted by your worship.
You visited 9 branches of the dungeon, and saw 49 of its levels.
You also visited: Trove, Sewer, Ossuary and Ice Cave.

You collected 12055 gold pieces.
You spent 8896 gold pieces at shops.

Inventory:

Hand Weapons
 e - a +7 broad axe of draining
 q - a +3 executioner's axe of draining (weapon)
 z - the +2 broad axe "Racw" {antimagic, rPois MR+}
   (You acquired it on level 2 of the Swamp)

   It reduces the magical energy of the wielder, and disrupts the spells and
   magical abilities of those hit.
   Natural abilities and divine invocations are not affected.
   It protects you from poison.
   It affects your resistance to hostile enchantments.
Missiles
 b - 8 javelins (quivered)
Armour
 c - a +2 pair of gloves of strength (worn)
 d - the +2 ratskin cloak (worn) {*Rats rPois rN+ Str-1 Int-1 Dex+1}
   (You found it on level 5 of the Dungeon)

   It affects your strength (-1).
   It affects your intelligence (-1).
   It affects your dexterity (+1).
   It protects you from poison.
   It protects you from negative energy.
 g - a +2 pair of boots (worn)
 j - the +2 hat of the Bear Spirit (worn) {Spirit, +Rage rN+ MR++}
   (You bought it in a shop on level 13 of the Dungeon)

   It protects you from negative energy.
   It affects your resistance to hostile enchantments.
   It lets you go berserk.
 p - the +18 shield of the Gong {rElec rN+ MR+ EV-5}
   (You bought it in a shop on level 3 of the Elven Halls)

   It affects your evasion (-5).
   It insulates you from electricity.
   It protects you from negative energy.
   It affects your resistance to hostile enchantments.
 L - a +2 helmet of see invisible
 N - +12 gold dragon scales (worn)
Jewellery
 k - a +4 ring of slaying (right hand)
 n - an uncursed ring of protection from fire
 s - an uncursed ring of protection from magic
 H - the amulet "Qierao" (around neck) {Reflect Str+3 Int+4 Dex+5 SH+5}
   (You bought it in a shop on level 13 of the Dungeon)

   [amulet of reflection]

   It shields you and reflects attacks.
   It affects your strength (+3).
   It affects your intelligence (+4).
   It affects your dexterity (+5).
   It affects your SH (+5).
 I - a ring of protection from fire (left hand)
 P - the ring of Pyromania {rN+ MR- Str+2 Int+6 SInv}
   (You took it off a yaktaur captain on level 5 of the Vaults)

   [ring of see invisible]

   It affects your strength (+2).
   It affects your intelligence (+6).
   It protects you from negative energy.
   It affects your resistance to hostile enchantments.
   It lets you see invisible.
Wands
 t - a wand of disintegration (16)
 x - a wand of digging (19)
 Q - a wand of acid (15)
 R - a wand of flame (8)
Scrolls
 h - 38 scrolls of remove curse
 l - 9 scrolls of fear
 o - a scroll of brand weapon
 r - 17 scrolls of teleportation
 y - 3 scrolls of magic mapping
 B - 11 scrolls of fog
 C - 5 scrolls of immolation
 J - 3 scrolls of holy word
 T - 7 scrolls of blinking
 V - 23 scrolls of identify
 W - 2 scrolls of summoning
Potions
 a - 9 potions of heal wounds
 f - 19 potions of curing
 i - 8 potions of cancellation
 m - 16 potions of flight
 u - 4 potions of haste
 v - 3 potions of berserk rage
 w - 3 potions of mutation
 E - 5 potions of might
 G - 5 potions of resistance
 K - 2 potions of invisibility


   Skills:
 O Level 27 Fighting
 - Level 26.3 Axes
 - Level 8.0 Throwing
 + Level 21.4 Armour
 - Level 18.4 Dodging
 - Level 15.3 Shields
 O Level 27 Invocations
 - Level 7.4 Evocations


You had 26 spell levels left.
You didn't know any spells.
Your spell library contained the following spells:

 Spells                   Type           Power        Failure   Level
 Apportation              Tloc           #.....       98%         1
 Beastly Appendage        Tmut           #.....       98%         1
 Corona                   Hex            #......      98%         1
 Magic Dart               Conj           #...         98%         1
 Pain                     Necr           #...         98%         1
 Sandblast                Erth           #.....       98%         1
 Sting                    Tmut/Pois      #...         98%         1
 Blink                    Tloc           N/A          99%         2
 Call Imp                 Summ           #.......     99%         2
 Corpse Rot               Necr/Air       N/A          99%         2
 Ensorcelled Hibernation  Hex/Ice        #.....       99%         2
 Poisonous Vapours        Pois/Air       #.....       99%         2
 Searing Ray              Conj           #.....       99%         2
 Slow                     Hex            #.......     99%         2
 Sublimation of Blood     Necr           #.........   99%         2
 Wereblood                Tmut           #.......     99%         2
 Call Canine Familiar     Summ           #.......     100%        3
 Confusing Touch          Hex            #.......     100%        3
 Conjure Flame            Conj/Fire      #.......     100%        3
 Dazzling Flash           Conj/Hex       #.....       100%        3
 Gell's Gravitas          Tloc           #.........   100%        3
 Ignite Poison            Fire/Tmut/Pois #.......     100%        3
 Lesser Beckoning         Tloc           #.........   100%        3
 Mephitic Cloud           Conj/Pois/Air  #.......     100%        3
 Portal Projectile        Hex/Tloc       #.....       100%        3
 Spider Form              Tmut/Pois      #.........   100%        3
 Static Discharge         Conj/Air       #.......     100%        3
 Stone Arrow              Conj/Erth      #.....       100%        3
 Tukima's Dance           Hex            #.......     100%        3
 Vampiric Draining        Necr           #.........   100%        3
 Animate Dead             Necr           #.........   100%        4
 Dispel Undead            Necr           #.......     100%        4
 Fulminant Prism          Conj/Hex       #.........   100%        4
 Ice Form                 Ice/Tmut       #.......     100%        4
 Iskenderun's Mystic Bla  Conj/Tloc      #.......     100%        4
 Leda's Liquefaction      Hex/Erth       #.........   100%        4
 Olgreb's Toxic Radiance  Pois           #.......     100%        4
 Petrify                  Tmut/Erth      #.......     100%        4
 Sticky Flame             Conj/Fire      #.......     100%        4
 Summon Lightning Spire   Summ/Air       #.......     100%        4
 Agony                    Necr           #.......     100%        5
 Alistair's Intoxication  Tmut/Pois      #........    100%        5
 Blade Hands              Tmut           #.........   100%        5
 Bolt of Magma            Conj/Fire/Erth #.........   100%        5
 Borgnjor's Vile Clutch   Necr/Erth      #.........   100%        5
 Excruciating Wounds      Necr           #.........   100%        5
 Irradiate                Conj/Tmut      #.........   100%        5
 Lightning Bolt           Conj/Air       #.........   100%        5
 Metabolic Englaciation   Hex/Ice        #.........   100%        5
 Silence                  Hex/Air        #.........   100%        5
 Summon Mana Viper        Hex/Summ       #.......     100%        5
 Yara's Violent Unravell  Hex/Tmut       #.........   100%        5
 Conjure Ball Lightning   Conj/Air       #.........   100%        6
 Death Channel            Necr           #.........   100%        6
 Dispersal                Tloc           #.........   100%        6
 Hydra Form               Tmut           #.........   100%        6
 Invisibility             Hex            #.......     100%        6
 Iron Shot                Conj/Erth      #.........   100%        6
 Simulacrum               Ice/Necr       #.........   100%        6
 Statue Form              Tmut/Erth      #........    100%        6
 Dragon Form              Tmut           #.........   100%        7
 Malign Gateway           Summ/Tloc      #.........   100%        7
 Monstrous Menagerie      Summ           #.........   100%        7
 Spellforged Servitor     Conj/Summ      #.........   100%        7
 Summon Greater Demon     Summ           #.........   100%        7
 Disjunction              Tloc           #.........   100%        8
 Ignition                 Fire           #.........   100%        8
 Summon Horrible Things   Summ           #.........   100%        8
 Shatter                  Erth           #.........   100%        9
 Tornado                  Air            #.........   100%        9


Dungeon Overview and Level Annotations

Branches:
Dungeon (15/15)            Temple (0/1) D:5            Lair (6/6) D:10
  Swamp (4/4) Lair:4       Spider (4/4) Lair:3        Slime (0/5) Lair:5
    Orc (2/2) D:11            Elf (3/3) Orc:2        Vaults (5/5) D:13
  Crypt (0/3) Vaults:3     Depths (5/5) D:15            Zot (5/5) Depths:5
  Sewer (visited)         Ossuary (visited)           IceCv (visited)

Altars:
Ashenzari
Cheibriados
Dithmenos
Elyvilon
Fedhas
Hepliaklqana
Kikubaaqudgha
Nemelex Xobeh
Okawaru
Qazlal
Ru
Uskayaw
Xom
Yredelemnul
Zin
Beogh

Shops:
D:13 :![=?   D:14 *   Orc:1 *   Orc:2 =!!(   Elf:1 ?[[![   Elf:2 :   Elf:3 [
Vaults:3 [

Portals:
Hell: Depths:1 Depths:2 Depths:3 Depths:4 Depths:5
Abyss: Depths:1 Depths:3 Depths:4
Pandemonium: Depths:3 Depths:4 Depths:5
Ziggurat: Depths:1

Annotations:
D:8 Prince Ribbit
Elf:2 3 runed translucent doors
Zot:3 1 runed translucent door, Osiadgh's ghost, legendary GnFi


Innate Abilities, Weirdness & Mutations

You can walk on water.
You are clumsy. (Dex -2)
Armour fits poorly on your strangely shaped body.
Your body sometimes deteriorates upon taking damage.
You are very dopey. (Int -4)
You are robust. (+10% HP)
You are weak. (Str -2)


Message History

The Orb Guardian hits you!!
* * * LOW HITPOINT WARNING * * *
The electric golem crackles and sizzles.
The electric golem hurls lightning at you.
The bolt of lightning hits you!!
* * * LOW HITPOINT WARNING * * *
The bolt of lightning misses you.
The bolt of lightning hits the electric golem.
The electric golem completely resists.
Unknown command.
The Orb Guardian hits you!
* * * LOW HITPOINT WARNING * * *
The electric golem hurls lightning at you.
The bolt of lightning hits you!
* * * LOW HITPOINT WARNING * * *
Unknown command.
You feel much better. The Orb Guardian hits you!!!
* * * LOW HITPOINT WARNING * * *
The Orb Guardian hits you!!
You die...

....≈≈≈≈#≈.#....# #.........#
.≈≈≈≈#≈≈≈≈..#.#######......####
.≈#≈≈≈≈#≈≈≈.#.# #........#...#
.≈≈≈#≈≈≈≈#≈.#.# #........###.#
..≈≈≈≈#≈≈≈≈...# #........+.#.#
#.≈#≈≈≈≈#≈≈≈..# #........#...#
#.≈≈≈#≈≈≈≈#≈..# #.....[..^...#
#..≈≈≈≈#≈≈≈≈..###<........##.#
##.≈#≈≈≈≈......X@[........##.#
#..≈≈≈.........8.######.#.##.####
#......##.......))))# #.#.##X#...
#..###..........)##<###.#.##.....
...# #.############..)#...##pL.#.
#### #y# ###.######.##.. # #.#
#...X.....#.. # #y# #######...#..
# #.# #..##..


You could see an electric golem and an Orb Guardian (berserk).

Vanquished Creatures
  5 ancient liches
  8 orbs of fire
  Mara (Swamp:3)
  A juggernaut (D:15)
  Sojobo (D:15)
  7 Killer Klowns
  Saint Roka (Vaults:2)
  Margery (Vaults:2)
  A curse toe (Zot:3)
  16 golden dragons
  Nikola (Swamp:4)
  Jory (Vaults:4)
  2 bone dragons
  3 electric golems
  21 tentacled monstrosities
  19 Orb Guardians
  Asterion (Vaults:2)
  A deep elf blademaster (Elf:3)
  3 deep elf master archers (Elf:3)
  5 quicksilver dragons
  3 liches
  A sphinx (D:15)
  10 death cobs
  Kirke (D:14)
  10 storm dragons
  A thorn hunter (Swamp:1)
  6 draconian monks
  9 shadow dragons
  3 tengu reavers
  2 iron dragons (Zot:3)
  8 deep elf sorcerers
  6 draconian knights
  4 draconian scorchers
  3 fire giants
  9 emperor scorpions
  Louise (Swamp:2)
  7 ghost moths
  18 vault wardens
  8 frost giants
  A juggernaut zombie (Depths:3)
  5 deep elf elementalists (Elf:3)
  An orc warlord (Vaults:3)
  4 draconian shifters
  A war gargoyle (Vaults:5)
  9 ironheart preservers
  7 entropy weavers
  19 very ugly things
  3 draconian annihilators
  12 stone giants
  10 green draconians
  2 deep elf demonologists
  9 black draconians
  7 purple draconians
  Azrael (Elf:1)
  2 vampire knights
  A spark wasp (Spider:3)
  8 bunyips
  A minotaur (Vaults:2)
  13 yellow draconians
  10 red draconians
  4 deep elf annihilators (Elf:3)
  The ghost of Grant146 the Cleaver, a journeyman MiBe of Trog (Lair:1)
  11 white draconians
  An ettin (shapeshifter) (D:15)
  4 eleionomae
  4 merfolk javelineers
  7 ettins
  8 deep elf death magi
  15 fire dragons
  A crystal guardian (Vaults:3)
  8 ogre magi
  7 deep elf high priests
  7 great orbs of eyes
  2 shambling mangroves
  17 yaktaur captains
  A jiangshi (D:15)
  12 hydras
  13 ice dragons
  A hydra (shapeshifter) (Depths:4)
  8 rakshasas
  13 vault guards
  4 ghost crabs
  9 boulder beetles
  4 spriggan air magi
  7 alligators
  8 centaur warriors
  9 two-headed ogres
  A queen ant (Lair:4)
  3 small abominations
  4 tengu warriors (D:15)
  7 deep troll earth magi
  A hell hog (Depths:3)
  11 dancing weapons
  2 spriggan berserkers (Depths:2)
  5 vampire magi
  10 deep troll shamans
  2 orc high priests
  A soul eater (Depths:3)
  28 deep elf knights
  A fire crab (shapeshifter) (Vaults:1)
  A goliath frog (Swamp:3)
  A fire crab (D:14)
  2 shadow wraiths
  5 hell knights
  5 iron trolls
  3 glowing orange brains
  A flayed ghost (Vaults:3)
  An unseen horror (shapeshifter) (Elf:3)
  2 unseen horrors
  2 spriggan druids
  7 swamp dragons
  34 deep trolls
  A spectral hydra (Swamp:4)
  22 deep elf archers
  7 bog bodies
  An orange crystal statue (Elf:3)
  3 wizards
  6 necromancers
  A lindwurm (shapeshifter) (Depths:3)
  10 ironbrand convokers
  2 phantasmal warriors
  4 orc knights
  A wolf spider zombie (Vaults:1)
  57 deep elf magi
  2 shining eyes (shapeshifter)
  26 ugly things
  4 harpies (Vaults:2)
  34 wolf spiders
  21 orb spiders
  A frost giant zombie (Vaults:1)
  A manticore (shapeshifter) (Vaults:2)
  29 moths of wrath
  An oklob plant (Swamp:4)
  A fire giant skeleton (Depths:3)
  5 will-o-the-wisps
  8 cyclopes
  4 elephants
  A manticore (D:15)
  A black mamba (Lair:1)
  An eye of devastation (shapeshifter) (Depths:5)
  11 vault sentinels
  6 torpor snails
  10 cane toads
  5 ice statues (IceCv)
  4 spectral swamp worms
  101 yaktaurs
  4 swamp worm zombies (Swamp:4)
  3 red devils (Depths:4)
  4 demonic crawlers
  2 freezing wraiths
  9 komodo dragons
  A queen bee (D:14)
  A guardian mummy (Zot:3)
  2 golden dragon simulacra (IceCv)
  2 hellwings (Depths:3)
  2 polar bears
  3 hydra zombies (Swamp:4)
  A tengu conjurer (Depths:1)
  6 trolls
  A polar bear (shapeshifter) (Vaults:2)
  21 jumping spiders
  2 meliai (D:14)
  A tengu simulacrum (Depths:3)
  A raiju (shapeshifter) (Depths:2)
  4 tyrant leeches (Swamp:1)
  6 hornets
  3 hornets (shapeshifter)
  23 slime creatures
  4 spectral swamp dragons (Swamp:4)
  A frost giant simulacrum (Vaults:3)
  A fire giant simulacrum (Vaults:2)
  3 alligator zombies (Swamp:4)
  A stone giant simulacrum (Vaults:1)
  2 vampires
  3 air elementals
  5 elf zombies
  51 redbacks
  A dire elephant simulacrum (IceCv)
  2 shadows
  19 tarantellas
  6 wyverns
  22 water elementals
  A wyvern (shapeshifter) (Vaults:1)
  2 wraiths
  4 basilisks
  2 spriggans (Swamp:2)
  4 fire elementals
  2 hogs (D:14)
  23 yaks
  A hog (shapeshifter) (D:15)
  A human (shapeshifter) (D:14)
  4 humans (D:13)
  A steam dragon (Lair:6)
  5 vampire mosquitoes
  A warg (Vaults:2)
  A warg (shapeshifter) (Depths:2)
  12 swamp worms
  5 insubstantial wisps (Swamp:4)
  3 large abominations (Elf:1)
  3 acid dragons
  5 soldier ants (Lair:4)
  8 water moccasins
  A floating eye (shapeshifter) (Depths:2)
  20 hell hounds
  4 orc warriors
  6 phantoms (Swamp:4)
  Purgy (Sewer)
  A swamp drake (Swamp:1)
  2 sky beasts
  A hornet zombie (D:15)
  2 black bears
  3 swamp dragon zombies (Swamp:4)
  9 ice beasts
  A necrophage (D:9)
  17 ogres
  7 wolves
  15 boggarts
  10 centaurs
  An orc skeleton (Vaults:1)
  11 bullfrogs
  3 earth elementals (Elf:3)
  6 scorpions
  A human simulacrum (Vaults:1)
  7 killer bees
  14 wights
  3 howler monkeys
  2 electric eels
  3 crimson imps
  A bullfrog zombie (D:5)
  3 centaur zombies
  3 jellies
  A hound (D:6)
  7 orc wizards
  2 bullfrog skeletons
  An iron imp (Depths:2)
  2 spectral swamp drakes (Swamp:4)
  4 iguanas
  4 hell rats
  17 worker ants
  A big kobold zombie (Ossuary)
  3 hound skeletons
  A howler monkey zombie (D:6)
  5 mummies (Ossuary)
  A worker ant zombie (D:7)
  6 adders
  An adder (shapeshifter) (Vaults:5)
  6 river rats (D:5)
  4 shadow imps
  2 white imps
  An ufetubus (D:5)
  4 oozes
  An adder zombie (D:9)
  2 adder skeletons
  3 worms
  2 dart slugs (D:3)
  13 leopard geckos
  13 orcs
  5 bats
  5 giant cockroaches
  A gnoll zombie (Ossuary)
  8 goblins
  7 hobgoblins
  14 jackals
  3 quokkas
  4 ball pythons
  8 frilled lizards
  A goblin zombie (Ossuary)
  4 kobolds
  3 kobold zombies (Ossuary)
  An orc zombie (Ossuary)
  A quokka skeleton (D:5)
  A quokka zombie (D:5)
  23 rats
  2 crawling corpses (Elf:3)
1720 creatures vanquished.

Vanquished Creatures (collateral kills)
  4 orbs of fire (Zot:4)
  The ghost of gowby the Hellbinder, a legendary BaSu of Okawaru (D:15)
  An ancient lich (Zot:4)
  The ghost of dolemite99 the Warrior, a veteran DrFE of Okawaru (Vaults:2)
  Bai Suzhen (Vaults:4)
  Xtahua (Vaults:2)
  A golden dragon (Depths:1)
  A bone dragon (Depths:5)
  2 tentacled monstrosities
  4 Orb Guardians (Zot:5)
  3 titans (Vaults:5)
  A lich (Vaults:4)
  A quicksilver dragon (Vaults:5)
  A sphinx (D:15)
  4 shadow dragons (Vaults:5)
  2 tengu reavers
  3 storm dragons
  2 frost giants
  3 fire giants
  7 vault wardens
  6 ironheart preservers
  A draconian shifter (Zot:1)
  6 stone giants
  8 very ugly things
  An emperor scorpion (Spider:3)
  2 war gargoyles
  3 black draconians
  A green draconian (Zot:3)
  An entropy weaver (Lair:4)
  2 bunyips
  A minotaur (Vaults:2)
  2 deep elf annihilators
  A red draconian (Zot:1)
  A spark wasp (D:15)
  Snorg (D:10)
  A small abomination (Vaults:5)
  A crystal guardian (Vaults:1)
  8 ettins
  The ghost of Frask the Slicer, a journeyman MiFi of Okawaru (Lair:1)
  4 great orbs of eyes
  A jiangshi (D:15)
  The ghost of Zusoliwk the Archer, a journeyman CeHu of Okawaru (Lair:1)
  A fire dragon (Lair:6)
  A deep elf high priest (Vaults:5)
  2 ice dragons
  2 ogre magi
  11 yaktaur captains
  2 rakshasas (D:15)
  6 boulder beetles
  27 vault guards
  8 hydras
  A ghost crab (Swamp:2)
  3 alligators
  A centaur warrior (D:14)
  6 two-headed ogres
  A dancing weapon (Elf:1)
  An alligator (shapeshifter) (Depths:3)
  The ghost of Munozil the Severer, a novice DDFi of Ru (Lair:1)
  A satyr (shapeshifter) (Vaults:5)
  3 deep troll shamans
  2 spriggan berserkers (Depths:4)
  2 tengu warriors (D:15)
  2 spriggans
  A goliath frog (Swamp:3)
  4 deep elf knights
  2 large abominations
  2 shadow wraiths
  2 spriggan druids
  A flayed ghost (Vaults:1)
  A wizard (Vaults:2)
  3 iron trolls (Depths:1)
  9 deep trolls
  2 swamp dragons
  A phantasmal warrior (D:15)
  6 harpies
  12 deep elf magi
  3 deep elf archers (Vaults:2)
  4 orc knights
  10 ironbrand convokers
  9 wolf spiders
  A mana viper (shapeshifter) (Vaults:4)
  9 ugly things
  A faun (shapeshifter) (Vaults:5)
  2 cyclopes
  3 orc sorcerers (Orc:2)
  9 elephants
  3 moths of wrath
  5 black mambas
  Maurice (D:8)
  3 vault sentinels
  A black mamba (shapeshifter) (D:14)
  2 torpor snails
  A guardian serpent (Lair:6)
  8 cane toads
  A spectral swamp worm (D:15)
  6 komodo dragons
  4 freezing wraiths
  2 swamp worm zombies (Swamp:4)
  A hellwing (Depths:3)
  2 anaconda simulacra (IceCv)
  2 trolls
  13 yaktaurs
  2 polar bears
  7 hornets
  5 jumping spiders
  A meliai (D:14)
  2 tyrant leeches (Swamp:3)
  10 slime creatures
  A spectral swamp dragon (Swamp:4)
  15 redbacks
  A meliai zombie (D:14)
  A centaur simulacrum (D:11)
  16 yaks
  4 tarantellas
  4 humans (D:13)
  2 hogs (D:14)
  10 wyverns
  A fire elemental (Elf:1)
  3 basilisks
  A steam dragon (Lair:6)
  2 vampire mosquitoes (D:13)
  4 wargs
  2 harpy simulacra (IceCv)
  20 soldier ants (Lair:4)
  13 water moccasins
  A hydra simulacrum (IceCv)
  3 swamp worms
  6 acid dragons
  A black bear (D:11)
  A hell hound (Depths:2)
  2 sky beasts (D:14)
  An ice beast (D:7)
  7 orc warriors
  2 swamp drakes
  A human zombie (Vaults:1)
  A swamp dragon zombie (Swamp:4)
  3 phantoms
  3 ogres
  An ettin simulacrum (IceCv)
  5 wolves
  A boggart (D:15)
  2 centaurs
  An elf zombie (Elf:1)
  4 bullfrogs
  20 killer bees
  A scorpion (D:13)
  2 electric eels
  6 wights
  A howler monkey (D:10)
  7 orc priests
  2 hounds
  3 jellies (Lair:5)
  A wyvern simulacrum (D:14)
  A human simulacrum (Vaults:1)
  6 hell rats
  11 orc wizards
  13 worker ants
  A worker ant zombie (D:8)
  An adder zombie (D:8)
  A worm (D:6)
  18 orcs
  A ball python (D:6)
  3 jackals
  A ball python zombie (D:6)
  A rat (D:6)
  A crawling corpse (Vaults:5)
609 creatures vanquished.

Vanquished Creatures (others)
  A titan (Vaults:2)
  4 orc warlords
  An ironheart preserver (Vaults:5)
  A deep elf annihilator (Vaults:5)
  3 orc high priests
  A hell hog (Depths:3)
  7 orc sorcerers
  A deep elf knight (Elf:2)
  20 orc knights
  An unseen horror (Vaults:1)
  33 orc warriors
  A deep troll (Vaults:5)
  2 unseen horrors (shapeshifter)
  A wizard (Depths:1)
  3 deep elf magi
  A moth of wrath (Zot:2)
  42 orc priests
  2 bloated husks
  2 tyrant leeches (Swamp:4)
  A redback (Spider:4)
  A water elemental (Elf:2)
  A human (D:13)
  A swamp worm (Swamp:4)
  An ogre (Vaults:5)
  A centaur (D:8)
  A bullfrog (D:8)
  2 hounds (D:8)
  17 orc wizards
  53 orcs
  12 foxfires
  59 fungi
  239 plants
  2 withered plants (Lair:1)
518 creatures vanquished.

Grand Total: 2847 creatures vanquished

Notes
Turn   | Place    | Note
-------+----------+-------------------------------------------
     0 | D:1      | strifetoe the Hill Orc Fighter began the quest for the Orb.
     0 | D:1      | Reached XP level 1. HP: 19/19 MP: 1/1
   134 | D:2      | Reached XP level 2. HP: 21/26 MP: 2/2
   403 | D:3      | Reached XP level 3. HP: 30/31 MP: 3/3
   469 | D:4      | Reached skill level 5 in Axes
   688 | D:4      | Became a worshipper of Beogh the Brigand
   758 | D:3      | Reached XP level 4. HP: 37/39 MP: 4/4
  1288 | D:1      | Reached * piety under Beogh
  1950 | D:2      | Reached XP level 5. HP: 44/45 MP: 5/5
  2598 | D:3      | Found a sacrificial altar of Ru.
  2609 | D:3      | Reached ** piety under Beogh
  2648 | D:3      | Found a stormy altar of Qazlal.
  3051 | D:4      | Found a glowing silver altar of Zin.
  3124 | D:4      | Reached XP level 6. HP: 30/51 MP: 6/6
  3409 | D:4      | Found a white marble altar of Elyvilon.
  3736 | D:4      | Found an ancient bone altar of Kikubaaqudgha.
  3861 | D:4      | Found a basalt altar of Yredelemnul.
  4022 | D:5      | Entered Level 5 of the Dungeon
  4118 | D:5      | Found a staircase to the Ecumenical Temple.
  4372 | D:5      | Found the +2 ratskin cloak {*Rats rPois rN+ Str-1 Int-1
                  | Dex+1}
  4376 | D:5      | Reached *** piety under Beogh
  4621 | D:5      | Reached XP level 7. HP: 57/57 MP: 7/7
  4676 | D:5      | Reached skill level 10 in Axes
  5694 | D:6      | Found a blossoming altar of Fedhas.
  5725 | D:6      | Reached XP level 8. HP: 52/64 MP: 8/8
  5831 | D:6      | Found a glowing drain.
  5845 | Sewer    | Entered a sewer
  5887 | Sewer    | Noticed Purgy
  5900 | Sewer    | Killed Purgy
  6093 | D:6      | Found a sand-covered staircase.
  6097 | Ossuary  | Entered an ossuary
  6409 | Ossuary  | Reached **** piety under Beogh
  6696 | D:6      | Reached skill level 1 in Invocations
  6758 | D:6      | Found an iron altar of Okawaru.
  6769 | D:6      | Found a shimmering altar of Xom.
  7196 | D:7      | Reached XP level 9. HP: 67/70 MP: 10/12
  7316 | D:7      | Found a broken altar of Ashenzari.
  7343 | D:7      | Reached skill level 5 in Invocations
  7558 | D:7      | Found a hide-covered altar of Uskayaw.
  8310 | D:8      | Gained Geork as an ally
  8349 | D:8      | Noticed Prince Ribbit
  9142 | D:8      | Your ally Geork died
  9151 | D:8      | Found a shimmering altar of Xom.
  9168 | D:8      | Killed Maurice
  9316 | D:8      | Found a shadowy altar of Dithmenos.
  9523 | D:9      | Found a hazy altar of Hepliaklqana.
  9541 | D:9      | Reached ***** piety under Beogh
  9729 | D:9      | Gained Wargrak as an ally
  9972 | D:9      | Noticed a kobold demonologist
  9975 | D:9      | Found a transporter.
  9980 | D:9      | Found a basalt altar of Yredelemnul.
  9983 | D:9      | Found Xehomad's Wicked Wares.
 10001 | D:9      | Noticed a kobold demonologist
 10002 | D:9      | Noticed a deep elf knight
 10025 | D:9      | Noticed a troll
 10038 | D:9      | Killed a troll
 10038 | D:9      | Reached skill level 15 in Axes
 10038 | D:9      | Reached XP level 10. HP: 48/77 MP: 16/16
 10464 | D:9      | Found an ancient bone altar of Kikubaaqudgha.
 11178 | D:9      | Found a transporter.
 11187 | D:9      | Noticed a fire crab
 11188 | D:9      | Noticed a kobold demonologist
 11406 | D:9      | Noticed a sixfirhy
 11413 | D:9      | Noticed a sun demon
 11421 | D:9      | HP: 2/77 [sixfirhy[a kobold demonologist] (10)]
 12168 | D:10     | Entered Level 10 of the Dungeon
 12196 | D:10     | Found a staircase to the Lair.
 12196 | D:10     | Noticed an elephant
 12207 | D:10     | Killed an elephant
 12207 | D:10     | Reached skill level 10 in Invocations
 12687 | D:10     | Found a portal to a secret trove of treasure.
 13006 | D:10     | Reached skill level 5 in Fighting
 13212 | D:10     | Noticed Snorg
 13220 | D:10     | Killed Snorg
 13272 | D:10     | Noticed an unseen horror
 13281 | D:10     | Killed an unseen horror
 13281 | D:10     | Reached XP level 11. HP: 91/94 MP: 18/18
 13458 | D:11     | Noticed a red ugly thing
 13467 | D:11     | Killed a red ugly thing
 13728 | D:11     | Noticed a cyclops
 13737 | D:11     | Killed a cyclops
 13737 | D:11     | Reached skill level 10 in Fighting
 13979 | D:11     | Noticed a white ugly thing
 13987 | D:11     | Killed a white ugly thing
 13994 | D:11     | Found a staircase to the Orcish Mines.
 14115 | D:11     | Noticed a boulder beetle
 14127 | D:11     | Killed a boulder beetle
 14850 | D:12     | Found a sparkling altar of Nemelex Xobeh.
 14933 | D:12     | Noticed a green ugly thing
 14938 | D:12     | Killed a green ugly thing
 15507 | Lair:1   | Entered Level 1 of the Lair of Beasts
 15516 | Lair:1   | Noticed a five-headed hydra
 15526 | Lair:1   | Killed a six-headed hydra
 16366 | Lair:1   | Reached XP level 12. HP: 102/115 MP: 19/19
 16681 | Lair:1   | Found a runed translucent gate.
 16681 | Lair:1   | Found a runed translucent gate.
 16682 | Lair:1   | Found a runed translucent gate.
 16683 | Lair:1   | Noticed Frask's ghost (journeyman MiFi)
 16683 | Lair:1   | Noticed Grant146's ghost (journeyman MiBe)
 16683 | Lair:1   | Noticed Zusoliwk's ghost (journeyman CeHu)
 16683 | Lair:1   | Noticed Munozil's ghost (novice DDFi)
 17501 | Lair:1   | Killed Zusoliwk's ghost
 17501 | Lair:1   | Reached skill level 1 in Dodging
 17511 | Lair:1   | Killed Grant146's ghost
 17512 | Lair:1   | Killed Munozil's ghost
 17516 | Lair:1   | Killed Frask's ghost
 17520 | Lair:1   | Got a shimmering mace
 17533 | Lair:1   | Got a fine halberd
 17540 | Lair:1   | Identified the +2 mace of Massacring {freeze, MR+ Int+5}
                  | (You found it on level 1 of the Lair of Beasts)
 17541 | Lair:1   | Identified the +7 halberd of Zin's Inspiration {vorpal,
                  | *Drain +Fly rF++} (You found it on level 1 of the Lair of
                  | Beasts)
 17692 | Lair:2   | Reached skill level 5 in Armour
 17731 | Lair:2   | Noticed a four-headed hydra
 17739 | Lair:2   | Killed a four-headed hydra
 18760 | Lair:3   | Found a hole to the Spider Nest.
 19256 | Lair:3   | Noticed a seven-headed hydra
 19264 | Lair:3   | Killed an eight-headed hydra
 19849 | Lair:4   | Reached ****** piety under Beogh
 19856 | Lair:4   | Noticed an entropy weaver
 19858 | Lair:4   | Noticed an entropy weaver
 19860 | Lair:4   | Noticed a queen ant
 19866 | Lair:4   | Killed an entropy weaver
 19866 | Lair:4   | Reached XP level 13. HP: 99/125 MP: 20/20
 19867 | Lair:4   | Reached skill level 5 in Dodging
 19867 | Lair:4   | Killed an entropy weaver
 19883 | Lair:4   | Gained Syrus as an ally
 19901 | Lair:4   | Gained Ognian as an ally
 20109 | Lair:4   | Found a staircase to the Swamp.
 21639 | Lair:5   | Found a snail-covered altar of Cheibriados.
 21916 | Lair:5   | Found a staircase to the Slime Pits.
 22017 | Lair:6   | Entered Level 6 of the Lair of Beasts
 22021 | Lair:6   | Gained Blodwig as an ally
 22026 | Lair:6   | Reached skill level 10 in Armour
 22619 | Lair:6   | Gained Bogrim as an ally
 22825 | D:12     | Got a polished arbalest
 22834 | D:12     | Identified the +0 arbalest of Vapull {venom, rF+} (You
                  | found it on level 12 of the Dungeon)
 23139 | Lair:6   | Reached XP level 14. HP: 131/133 MP: 21/21
 24776 | D:13     | Found a gate to the Vaults.
 24957 | D:13     | Found a shadowy altar of Dithmenos.
 24957 | D:13     | Found a basalt altar of Yredelemnul.
 25674 | D:13     | Found Pujocvass's Distillery.
 25684 | D:13     | Bought a potion of curing for 45 gold pieces
 25684 | D:13     | Bought a potion of curing for 45 gold pieces
 25684 | D:13     | Bought a potion of heal wounds for 75 gold pieces
 25684 | D:13     | Bought a potion of heal wounds for 75 gold pieces
 25883 | D:13     | Found Daal's Book Boutique.
 25955 | D:13     | Found Qec Juhupsu's Armour Shoppe.
 25958 | D:13     | Found Huteuc's Magic Scroll Shoppe.
 25973 | D:13     | Bought the +2 hat of the Bear Spirit {Spirit, +Rage rN+
                  | MR++} for 391 gold pieces
 25973 | D:13     | Found the +2 hat of the Bear Spirit {Spirit, +Rage rN+
                  | MR++}
 26003 | D:13     | Bought a scroll of acquirement for 520 gold pieces
 26003 | D:13     | Acquired a manual of Shields
 26120 | D:13     | Found Honyeheq's Jewellery Boutique.
 26398 | D:14     | Reached skill level 1 in Evocations
 26792 | D:14     | Gained Gorm as an ally
 26892 | D:14     | Noticed Kirke
 26895 | D:14     | Noticed a sphinx
 26904 | D:14     | Killed Kirke
 26904 | D:14     | Reached skill level 5 in Shields
 27010 | D:14     | Found Temai's Elemental Accessories.
 27917 | D:14     | Reached XP level 15. HP: 64/139 MP: 17/23
 28054 | D:13     | Bought the amulet "Qierao" {Reflect Str+3 Int+4 Dex+5 SH+5}
                  | for 870 gold pieces
 28269 | Orc:1    | Entered Level 1 of the Orcish Mines
 28521 | Orc:2    | Entered Level 2 of the Orcish Mines
 28559 | Orc:2    | Found a staircase to the Elven Halls.
 28563 | Orc:2    | Gained Bogdar as an ally
 28648 | Orc:2    | Found Mirghank's Distillery.
 28648 | Orc:2    | Found Acel Boizukh's Weapon Shoppe.
 28648 | Orc:2    | Found Toiryi's Distillery.
 28669 | Orc:2    | Found Wemp's Jewellery Emporium.
 28844 | Orc:2    | Bought a potion of heal wounds for 50 gold pieces
 28844 | Orc:2    | Bought a potion of heal wounds for 50 gold pieces
 29216 | Orc:1    | Found a roughly hewn altar of Beogh.
 29252 | Orc:1    | Found Ischiqast's General Store.
 29259 | Orc:1    | Bought a scroll of teleportation for 51 gold pieces
 29422 | D:15     | Entered Level 15 of the Dungeon
 29943 | D:15     | Gained Koronagh as an ally
 29987 | D:15     | Reached skill level 10 in Shields
 30138 | D:15     | Found a staircase to the Depths.
 30221 | D:15     | Gained Bogward as an ally
 30748 | D:15     | Gained Arbeogh as an ally
 31005 | D:15     | Reached skill level 15 in Fighting
 32061 | Spider:1 | Entered Level 1 of the Spider Nest
 32279 | Spider:1 | Gained Boruk as an ally
 32340 | Spider:1 | Your ally Boruk died
 32378 | Spider:1 | Gained Nordag as an ally
 32673 | Spider:1 | You fall into a shaft and drop 1 floor!
 32876 | Spider:1 | Acquired 523 gold pieces
 32926 | Spider:1 | Noticed a ghost moth
 32935 | Spider:1 | Killed a ghost moth
 32935 | Spider:1 | Reached XP level 16. HP: 149/149 MP: 1/26
 34320 | Spider:2 | Reached skill level 15 in Shields
 34335 | Spider:3 | Found a frozen archway.
 34361 | IceCv    | Entered an ice cave
 35066 | Spider:3 | Gained Bogwik as an ally
 35784 | Spider:4 | Entered Level 4 of the Spider Nest
 36552 | Spider:4 | Gained Ognian as an ally
 36827 | Spider:3 | Reached XP level 17. HP: 136/156 MP: 27/27
 37024 | Spider:4 | Got a faintly humming ring mail
 37803 | Spider:4 | Gained Murdo as an ally
 37827 | Spider:4 | Gained Orgrim as an ally
 37856 | Spider:4 | Got a gossamer rune of Zot
 38319 | Swamp:1  | Entered Level 1 of the Swamp
 38323 | Swamp:1  | Gained Zorug as an ally
 39456 | Swamp:2  | Found a sacrificial altar of Ru.
 39547 | Swamp:2  | Acquired the +2 broad axe "Racw" {antimagic, rPois MR+}
 39595 | Swamp:2  | Gained Jorge as an ally
 39595 | Swamp:2  | Gained Marbaugh as an ally
 40358 | Swamp:2  | Identified the +3 ring mail "Losatuhu" {+Fly rCorr Str-5}
                  | (You found it on level 4 of the Spider Nest)
 41238 | Swamp:3  | Noticed Louise
 41240 | Swamp:3  | Noticed Mara
 41277 | Swamp:2  | Killed Louise
 41291 | Swamp:3  | Noticed strifetoe's illusion
 41509 | Swamp:3  | Your ally Marbaugh died
 41527 | Swamp:3  | Killed Mara
 41527 | Swamp:3  | Reached XP level 18. HP: 153/166 MP: 8/28
 42382 | Swamp:4  | Entered Level 4 of the Swamp
 44478 | Swamp:4  | Gained Boruk as an ally
 45228 | Swamp:4  | Gained Boruk as an ally
 45348 | Swamp:4  | Your ally Boruk died
 45565 | Swamp:4  | Noticed Nikola
 46061 | Swamp:4  | Killed Nikola
 46734 | Swamp:4  | Gained Morbeogh as an ally
 46749 | Swamp:4  | Noticed a bone dragon
 46756 | Swamp:4  | Your ally Morbeogh died
 46782 | Swamp:4  | Killed a bone dragon
 46782 | Swamp:4  | Reached skill level 15 in Armour
 46833 | Swamp:4  | Got a decaying rune of Zot
 47229 | Vaults:1 | Entered Level 1 of the Vaults
 47239 | D:13     | Gained Bogdan as an ally
 47867 | Vaults:1 | Reached XP level 19. HP: 172/172 MP: 9/29
 47906 | Vaults:1 | Gained Dorog as an ally
 47953 | Vaults:1 | Gained Gorg as an ally
 48101 | Vaults:1 | Your ally Dorog died
 49770 | Vaults:2 | Found a runed translucent gate.
 49770 | Vaults:2 | Found a runed translucent gate.
 49771 | Vaults:2 | Found a runed translucent gate.
 49773 | Vaults:2 | Noticed dolemite99's ghost (veteran DrFE)
 49774 | Vaults:2 | Found an iron altar of Okawaru.
 49804 | Vaults:2 | Noticed Saint Roka
 49822 | Vaults:2 | Killed Saint Roka
 49822 | Vaults:2 | Reached skill level 15 in Invocations
 50210 | Vaults:2 | Noticed Xtahua
 50220 | Vaults:2 | Killed Xtahua
 50408 | Vaults:2 | Gained Morun as an ally
 50455 | Vaults:2 | Noticed Margery
 50470 | Vaults:2 | Gained Arbolt as an ally
 50477 | Vaults:2 | Reached XP level 20. HP: 115/181 MP: 6/32
 50480 | Vaults:2 | Killed Margery
 51680 | Vaults:2 | Your ally Arbolt died
 51700 | Vaults:2 | Killed dolemite99's ghost
 51947 | D:13     | Upgraded the game from 0.26-a0-757-g626ac9e51a to
                  | 0.26-a0-771-g060e6a62af
 52373 | Vaults:2 | Gained Orgrim as an ally
 52524 | Vaults:2 | Gained Blodwig as an ally
 52777 | Vaults:2 | Noticed a Tzitzimitl
 53018 | Vaults:3 | Noticed Asterion
 53408 | Vaults:2 | Killed Asterion
 54672 | Vaults:3 | Found Weilu's Armour Shop.
 54743 | Vaults:3 | Found a staircase to the Crypt.
 56098 | Vaults:4 | Reached skill level 10 in Dodging
 56101 | Vaults:4 | Reached XP level 21. HP: 173/187 MP: 10/35
 56957 | Vaults:4 | Noticed Jory
 56969 | Vaults:4 | Your ally Orgrim died
 56980 | Vaults:4 | Killed Jory
 57051 | Vaults:4 | Gained Ognian as an ally
 57546 | Vaults:4 | Gained Arbolt as an ally
 58359 | Depths:1 | Entered Level 1 of the Depths
 58359 | Depths:1 | Found a one-way gate to the infinite horrors of the Abyss.
 58388 | Depths:1 | Found a runed translucent door.
 59884 | Depths:1 | Found a gateway to a ziggurat.
 59940 | Depths:1 | Noticed a juggernaut
 59943 | Depths:1 | Found a runed translucent gate.
 59943 | Depths:1 | Found a runed translucent gate.
 59943 | Depths:1 | Found a runed translucent gate.
 59946 | Depths:1 | Noticed gowby's ghost (legendary BaSu)
 59956 | Depths:1 | Paralysed by a Zot trap for 3 turns
 60226 | Depths:1 | Noticed Sojobo
 60420 | D:15     | Killed a juggernaut
 60615 | D:15     | Your ally Bogdar died
 60636 | D:15     | Killed Sojobo
 61073 | Depths:1 | Found a gateway to Hell.
 62063 | D:15     | Reached XP level 22. HP: 153/199 MP: 9/36
 62455 | D:15     | Gained Bogbarth as an ally
 63450 | Depths:1 | Got a brightly glowing helmet
 63451 | Depths:1 | Identified the cursed +0 helmet of Death Resistance {rN+
                  | rCorr} (You found it on level 1 of the Depths)
 63597 | D:15     | Killed gowby's ghost
 65055 | Depths:1 | Gained Marbaugh as an ally
 65477 | Depths:1 | Gained Gorbash as an ally
 66024 | Depths:2 | Noticed a golden dragon
 66098 | Depths:1 | Killed a golden dragon
 66306 | Depths:2 | Noticed a golden dragon
 66365 | Depths:1 | Your ally Marbaugh died
 66366 | Depths:1 | Killed a golden dragon
 68371 | Depths:3 | Found a one-way gate leading to the halls of Pandemonium.
 68892 | Depths:3 | Gained Marbork as an ally
 68995 | Depths:3 | Found the +6 Majin-Bo {vamp, MP+6 Int+6}
 69039 | Depths:3 | Identified Sif Muna's Handbook of the Vitriolic Entourage
 69925 | Depths:4 | Gained Horkud as an ally
 69935 | Depths:4 | Your ally Horkud died
 69935 | Depths:4 | Reached XP level 23. HP: 203/210 MP: 6/38
 70793 | Depths:4 | Gained Oruk as an ally
 70799 | Depths:4 | Your ally Oruk died
 71638 | Depths:4 | Gained mutation: You are frail. (-10% HP) [a shining eye]
 71692 | Depths:4 | Noticed a golden dragon
 71726 | Depths:4 | Killed a golden dragon
 71733 | Depths:4 | Killed a ghostly golden dragon
 71782 | Depths:4 | Got a bloodstained great mace
 71787 | Depths:4 | Got a faintly humming helmet
 71788 | Depths:4 | Identified the +4 great mace of Starshine {vorpal, rN+ MP-9
                  | Dex+3} (You found it on level 4 of the Depths)
 71790 | Depths:4 | Identified the cursed +0 helmet of Incorporation {rPois}
                  | (You found it on level 4 of the Depths)
 72021 | Depths:5 | Entered Level 5 of the Depths
 72790 | Depths:5 | Noticed a golden dragon
 72939 | Depths:4 | Killed a golden dragon
 72939 | Depths:4 | Gained Ugrim as an ally
 74003 | Depths:5 | Gained Bogdar as an ally
 74103 | Depths:5 | Found a gate to the Realm of Zot.
 74103 | Depths:5 | Noticed a golden dragon
 74118 | Depths:5 | Killed a golden dragon
 74129 | Depths:5 | Gained Ogrik as an ally
 74897 | Elf:1    | Entered Level 1 of the Elven Halls
 74897 | Elf:1    | Noticed Azrael
 75016 | Elf:1    | Killed Azrael
 75019 | Orc:2    | Reached XP level 24. HP: 202/202 MP: 3/38
 75213 | Elf:1    | Found Vumpoy's Antique Armour Shoppe.
 75221 | Elf:1    | Bought a glowing kite shield for 172 gold pieces
 75637 | Elf:1    | Identified Kikubaaqudgha's Tome of Unholy Rituals
 75845 | Elf:1    | Found Nenyt's Distillery.
 75862 | Elf:1    | Bought a potion of haste for 180 gold pieces
 75862 | Elf:1    | Bought a potion of experience for 900 gold pieces
 75862 | Elf:1    | Bought a potion of mutation for 144 gold pieces
 76070 | Elf:1    | Found Ruzym's Magic Scroll Shoppe.
 76070 | Elf:1    | Found Huvibb's Armour Boutique.
 76128 | Elf:1    | Bought +2 gold dragon scales for 1380 gold pieces
 76131 | Elf:1    | Bought a scroll of acquirement for 676 gold pieces
 76131 | Elf:1    | Bought a scroll of teleportation for 39 gold pieces
 76131 | Elf:1    | Bought a scroll of magic mapping for 45 gold pieces
 76220 | Elf:1    | Found Enor's Armour Shop.
 76557 | D:10     | You paid a toll of +2 gold dragon scales to enter a
                  | treasure trove
 76558 | Trove    | Entered a treasure trove
 76609 | D:10     | Acquired 785 gold pieces
 76645 | D:10     | Reached XP level 25. HP: 211/211 MP: 12/39
 77249 | Elf:2    | Found Kyptelye's Book Shoppe.
 77403 | Elf:2    | Found a runed translucent gate.
 77403 | Elf:2    | Found a runed translucent gate.
 77404 | Elf:2    | Found a runed translucent gate.
 77528 | Elf:2    | Found an ancient bone altar of Kikubaaqudgha.
 77596 | Elf:2    | Acquired a manual of Dodging
 77659 | Elf:3    | Entered Level 3 of the Elven Halls
 77716 | Elf:3    | Found Kotuleog's Antique Armour Shoppe.
 78055 | Elf:3    | Bought a pair of embroidered boots for 217 gold pieces
 78055 | Elf:3    | Bought the +18 shield of the Gong {rElec rN+ MR+ EV-5} for
                  | 2821 gold pieces
 78055 | Elf:3    | Found the +18 shield of the Gong {rElec rN+ MR+ EV-5}
 78731 | Elf:3    | Identified the amulet "Surir" {Spirit *Corrode Fragile rN++
                  | MP+9}
 78765 | Elf:3    | Reached skill level 15 in Dodging
 78885 | Elf:3    | Got a bone halberd
 78889 | Elf:3    | Got a scorched trident
 79078 | Elf:2    | Identified the +4 trident of the Volcano {flame, rF- rC++}
                  | (You found it on level 3 of the Elven Halls)
 79079 | Elf:2    | Identified the +1 halberd "Abbim" {spect, rPois} (You found
                  | it on level 3 of the Elven Halls)
 79597 | D:13     | Bought a scroll of enchant armour for 75 gold pieces
 79597 | D:13     | Bought a scroll of enchant armour for 75 gold pieces
 79849 | Vaults:4 | Upgraded the game from 0.26-a0-771-g060e6a62af to
                  | 0.26-a0-778-g3fe0686644
 79855 | Vaults:5 | Entered Level 5 of the Vaults
 79959 | Vaults:4 | Gained Urtork as an ally
 80046 | Vaults:5 | Reached XP level 26. HP: 77/221 MP: 5/39
 80065 | Vaults:5 | Your ally Ugrim died
 80075 | Vaults:5 | Your ally Ognian died
 80084 | Vaults:5 | Your ally Jorge died
 80094 | Vaults:5 | Your ally Arbeogh died
 80098 | Vaults:5 | Gained Bladwarg as an ally
 80105 | Vaults:5 | Got a silver rune of Zot
 80152 | Vaults:5 | Your ally Bladwarg died
 80155 | Vaults:5 | Gained Bogric as an ally
 80163 | Vaults:5 | Your ally Bogric died
 80196 | Vaults:5 | Your ally Bogdar died
 80241 | Vaults:5 | Identified the ring of Pyromania {rN+ MR- Str+2 Int+6 SInv}
 80253 | Vaults:5 | Noticed an ancient lich
 80262 | Vaults:5 | Killed an ancient lich
 80267 | Vaults:5 | Your ally Gorm died
 80299 | Vaults:5 | Your ally Marbork died
 80344 | Vaults:5 | Noticed Bai Suzhen
 80352 | Vaults:5 | Gained Okrist as an ally
 80647 | Vaults:4 | Killed Bai Suzhen
 80670 | Vaults:5 | Gained Hawl as an ally
 80674 | Vaults:5 | Your ally Hawl died
 80841 | Vaults:5 | Gained Brandogh as an ally
 80936 | Vaults:5 | Found the +3 warlock's mirror {reflect}
 80936 | Vaults:5 | Identified the +7 short sword of Dolu {flame, Str+4 Dex+4}
 81578 | Vaults:5 | Got a crude wooden ring
 81583 | Vaults:5 | Identified the ring "Ysayran" {+Fly rF- Str+6 Stlth+} (You
                  | found it on level 5 of the Vaults)
 81672 | Vaults:5 | Identified the Grimoire of Ensnaring Envenoming
 81678 | Vaults:5 | Got a fine flail
 81679 | Vaults:5 | Identified the cursed +0 flail of Grandeur {venom, *Rage
                  | Fragile rPois Str+10} (You found it on level 5 of the
                  | Vaults)
 82062 | Vaults:1 | Acquired the +27 Lear's hauberk
 82063 | Vaults:1 | Found the +27 Lear's hauberk
 82340 | Zot:1    | Entered Level 1 of the Realm of Zot
 82441 | Zot:1    | Noticed an orb of fire
 82454 | Zot:1    | Gained mutation: You are clumsy. (Dex -2) [an orb of fire]
 82455 | Zot:1    | Killed an orb of fire
 82622 | Zot:1    | Reached XP level 27. HP: 207/229 MP: 38/39
 83035 | Zot:2    | Found a huge runed gate.
 83035 | Zot:2    | Found a huge runed gate.
 83035 | Zot:2    | Found a huge runed gate.
 83040 | Zot:2    | Found a huge runed gate.
 83043 | Zot:2    | Found a huge runed gate.
 83044 | Zot:2    | Found a huge runed gate.
 83044 | Zot:2    | Found a huge runed gate.
 83044 | Zot:2    | Found a huge runed gate.
 83044 | Zot:2    | Found a huge runed gate.
 83094 | Zot:1    | Gained Ognian as an ally
 83436 | Zot:2    | Found a huge runed gate.
 83666 | Zot:2    | Reached skill level 1 in Throwing
 83830 | Zot:2    | Noticed an ancient lich
 83830 | Zot:2    | Noticed an orb of fire
 83830 | Zot:2    | Noticed an orb of fire
 83830 | Zot:2    | Noticed an orb of fire
 83830 | Zot:2    | Noticed an orb of fire
 83831 | Zot:2    | Noticed an orb of fire
 83844 | Zot:2    | Gained mutation: You are dopey. (Int -2) [an orb of fire]
 83845 | Zot:2    | Gained mutation: You are weak. (Str -2) [an orb of fire]
 83857 | Zot:2    | Your ally Ognian died
 84004 | Zot:1    | Gained mutation: You are very dopey. (Int -4) [an orb of
                  | fire]
 84013 | Zot:1    | Gained mutation: Your body sometimes deteriorates upon
                  | taking damage. [an orb of fire]
 84017 | Zot:1    | Gained mutation: Scrolls take you a little longer to read.
                  | [an orb of fire]
 84020 | Zot:1    | Killed an orb of fire
 84020 | Zot:1    | Reached skill level 5 in Throwing
 84212 | Zot:1    | Lost mutation: Scrolls take you a little longer to read.
                  | [potion of mutation]
 84212 | Zot:1    | Lost mutation: Your body sometimes deteriorates upon taking
                  | damage. [potion of mutation]
 84212 | Zot:1    | Gained mutation: You are partially covered in icy blue
                  | scales. (AC +2) [potion of mutation]
 84212 | Zot:1    | Lost mutation: You are very dopey. (Int -4) [potion of
                  | mutation]
 84213 | Zot:1    | Lost mutation: You are partially covered in icy blue
                  | scales. (AC +2) [potion of mutation]
 84213 | Zot:1    | Lost mutation: You are frail. (-10% HP) [potion of
                  | mutation]
 84213 | Zot:1    | Gained mutation: You are robust. (+10% HP) [potion of
                  | mutation]
 84213 | Zot:1    | Gained mutation: Your body sometimes deteriorates upon
                  | taking damage. [potion of mutation]
 84213 | Zot:1    | Lost mutation: You are weak. (Str -2) [potion of mutation]
 84213 | Zot:1    | Gained mutation: You are very robust. (+20% HP) [potion of
                  | mutation]
 84426 | Zot:1    | Killed an orb of fire
 84428 | Zot:1    | Reached skill level 5 in Evocations
 84526 | Zot:2    | Killed an ancient lich
 84529 | Zot:2    | Killed an orb of fire
 84715 | Zot:2    | Killed an orb of fire
 84880 | Zot:2    | Gained mutation: You are weak. (Str -2) [an orb of fire]
 84890 | Zot:2    | Gained mutation: You are very dopey. (Int -4) [an orb of
                  | fire]
 84892 | Zot:2    | Killed an orb of fire
 85000 | Zot:3    | Gained Ortolf as an ally
 85247 | Zot:3    | Your ally Ortolf died
 85276 | Zot:3    | Noticed an orb of fire
 85294 | Zot:3    | Killed an orb of fire
 86410 | Zot:3    | Found a runed translucent door.
 86410 | Zot:3    | Found a shimmering altar of Xom.
 86410 | Zot:3    | Noticed Osiadgh's ghost (legendary GnFi)
 86677 | Zot:3    | Gained Rocco as an ally
 86713 | Zot:3    | Your ally Rocco died
 86930 | Zot:4    | Gained Nordag as an ally
 86936 | Zot:4    | Gained Orgrim as an ally
 86937 | Zot:4    | Your ally Nordag died
 86946 | Zot:4    | Your ally Orgrim died
 87679 | Zot:4    | Identified the Grimoire of Fiery Clay
 87723 | Zot:5    | Entered Level 5 of the Realm of Zot
 88586 | Zot:5    | Noticed an orb of fire
 88813 | Zot:5    | Noticed an ancient lich
 88814 | Zot:5    | Noticed an orb of fire
 88817 | Zot:4    | Your ally Bogward died
 88819 | Zot:4    | Killed an orb of fire
 88841 | Zot:5    | Noticed an ancient lich
 88845 | Zot:5    | Noticed an orb of fire
 88849 | Zot:4    | Killed an orb of fire
 88855 | Zot:4    | Killed an ancient lich
 88861 | Zot:5    | Lost mutation: You are very robust. (+20% HP) [an orb of
                  | fire]
 88864 | Zot:4    | Killed an orb of fire
 88884 | Zot:5    | Killed an ancient lich
 88897 | Zot:5    | Noticed an orb of fire
 88913 | Zot:5    | Killed an orb of fire
 88913 | Zot:5    | Reached skill level 27 in Invocations
 88914 | Zot:5    | Noticed an orb of fire
 88915 | Zot:5    | Gained mutation: Armour fits poorly on your strangely
                  | shaped body. [an orb of fire]
 88936 | Zot:4    | Killed an orb of fire
 88947 | Zot:5    | Noticed an ancient lich
 88953 | Zot:5    | Killed an ancient lich
 89114 | Zot:5    | Noticed an ancient lich
 89333 | Zot:5    | Killed an ancient lich
 89538 | Zot:5    | Reached skill level 27 in Fighting
 90143 | Zot:5    | HP: 1/300 [Orb Guardian (32)]
 90143 | Zot:5    | Annihilated by an Orb Guardian

Illustrated notes

Levels and vault maps discovered:
D:1:      dpeg_arrival_ternary, layout_loops_corners, minmay_tromino_i2
D:2:      layout_loops_cross
D:3:      layout_rooms, nicolae_overflow_hidden_temple,
          nicolae_ru_great_annihilating_truth, nicolae_qazlal_eye_of_the_storm
D:4:      layout_basic, kennysheep_ying_yang, marbit_many_paths,
          old_standard_altar
D:5:      wander_guarded_unrand_ratskin, layout_loops_corners, temple_pool_b
D:6:      minmay_razor_zed, layout_cave_pools, minitemple,
          nicolae_ossuary_entry_plus, cheibrodos_sewer_entry_drain,
          fedhas_altar_3
D:7:      layout_basic, ashenzari_altar_1, eat_drink_and_be_merry_uskayaw
D:8:      layout_basic, kennysheep_mini_moat, xom_confusion_cloud, uniq_maurice,
          uniq_prince_ribbit1
D:9:      gammafunk_wand_slinger, layout_layer_cave, old_standard_altar,
          basic_altar, nicolae_evil_shop
D:10:     layout_gridville, david_lair_generic, enter_trove_1,
          minmay_door_square, uniq_snorg
D:11:     layout_roguey, erik_orc_1, nicolae_straight_to_the_point
D:12:     layout_irregular_city, nemelex_xobeh_ov_fountains_minmay
D:13:     layout_stronghold, ximxim_vaults_locker_room, serial_shops,
          nicolae_shop_trees, shop, shop_coins, shop, shop, jmf_multi_god_temple
D:14:     minmay_two_paths, layout_basic, eino_curves_01, special_room
          [special_room_bee], nicolae_elemental_shop,
          kennysheep_generic_room_15, uniq_kirke
D:15:     hangedman_depths_entry_civil_slaughter, layout_basic, chequers_jeans
Lair:1:   layout_cave_pods, gammafunk_ghost_cemetery,
          chequers_serial_rivers_room_a, hangedman_lair_generics_rect
Lair:2:   layout_regular_city, grunt_megastairs_4, lemuel_fruit_tree
Lair:3:   layout_regular_city, nicolae_spider_entry_orb_guardian,
          chequers_serial_rivers_micro_a, grunt_megastairs_5
Lair:4:   layout_long_grid, minmay_swamp_entry_worms, minivault_29,
          serial_bayou_shore_a
Lair:5:   layout_loops_ring, nicolae_slime_entry_slimehenge,
          kennysheep_snail_temple
Lair:6:   hangedman_lair_tendril_chambers, layout_regular_city,
          guppyfry_lair_end_dragon, serial_bayou_pond_c
Swamp:1:  layout_basic_swamp, evilmike_swamp_ruin_house_3,
          infiniplex_staircase_pool
Swamp:2:  layout_basic_swamp, lemuel_altar_in_water
Swamp:3:  layout_basic_swamp, evilmike_swamp_ruin_house_1, uniq_mara,
          uniq_louise
Swamp:4:  swamp_pestilence, layout_basic_swamp, swamp_pool4,
          nicolae_swamp_orc_logging_accident, hangedman_swamp_dais, uniq_nikola
Spider:1: layout_spider_delve
Spider:2: layout_spider_delve
Spider:3: layout_spider_delve, portal_ice_cave_entry_pillars_three
Spider:4: grunt_spider_rune_circles, hangedman_spider_mandibles, hive_lemuel
Orc:1:    nicolae_orc_accident_2, layout_caves, serial_shops, shop_statue
Orc:2:    st_orc_mages, layout_caves, special_room
Elf:1:    elf_arrival_002, layout_loops_corners, serial_shops,
          nicolae_shop_trees, shop, nicolae_shop_statue_plus, shop, shop,
          minmay_elf_necromancy, nicolae_elf_glass_and_crystal_pillar_1,
          billiards_dpeg, uniq_azrael
Elf:2:    layout_gridlike, serial_shops, nicolae_shop_window_shopping,
          lemuel_statue_altar
Elf:3:    minmay_elf_hall_quartered_circle, layout_geoelf_diagonals,
          serial_shops, shop, minivault_16
Vaults:1: st_spiral_rooms, vaults_mumra_minichess_inversion, v_misc_28,
          ontoclasm_vaults_decontamination, vaults_room_fours,
          hangedman_vaults_locks, vaults_room_door_hall, vaults_room_pools,
          ontoclasm_vaults_eye, nicolae_vaults_little_squares_6,
          layout_vaults_big_room
Vaults:2: gammafunk_vaults_ghost_fury_of_okawaru,
          nicolae_vaults_little_squares_5, v_misc_1, ontoclasm_vaults_chip,
          nicolae_vaults_network_star, nicolae_vaults_little_squares_1,
          hangedman_vaults_stretched_pinwheel, v_misc_18, vaults_room_boxed,
          v_pattern_5, nicolae_vaults_specimen_jars, layout_vaults_maze_bifur,
          uniq_margery, uniq_xtahua, uniq_saint_roka
Vaults:3: ontoclasm_vaults_pinch, grunt_vaults_funnel, ontoclasm_vaults_bender,
          hangedman_vaults_pinch, vaults_room_grid,
          minmay_crypt_entry_nasty_monster, vaults_mumra_minichess,
          nicolae_vaults_little_squares_6, v_misc_11,
          nicolae_vaults_windows_and_doors_thing, nicolae_vaults_circle_grid_a,
          ontoclasm_vaults_shuriken, vaults_dpeg_diagonal,
          nicolae_vaults_border_crossing, layout_vaults_big_cross, serial_shops,
          shop_fountains, uniq_asterion
Vaults:4: v_pattern_1, v_alt_pattern_1, nicolae_vaults_theta,
          vaults_room_stairs_pillars, st_quartered_hall,
          nicolae_vaults_yaktaur_gun_rack, layout_vaults_omnigrid, uniq_jory
Vaults:5: uniq_bai_suzhen
Depths:1: layout_forbidden_donut, enter_ziggurat_b, abyss_entry, serial_bayou,
          serial_bayou_lagoon_a, serial_bayou_pond_b, serial_bayou_pond_c,
          serial_bayou_pond_b, serial_bayou_pond_d, pf_hell_entry_tar_river,
          chequers_serial_rivers_micro_e, gammafunk_ghost_tricky_traps,
          chequers_serial_rivers_room_a, hex_tiny, lightli_gold_pyramid,
          uniq_sojobo
Depths:2: thingy_vault, layout_gridlike, grunt_hell_entry_dis_grunt,
          kennysheep_path_1
Depths:3: minmay_guarded_unrand_majin_bo, layout_basic,
          abyss_entry_small_statue_room, rand_demon_pan_entry_4,
          grunt_hell_horde, grunt_decor_mini_mirrors
Depths:4: kennysheep_water_balloons, layout_twisted_cross,
          rand_demon_pan_entry_5, chequers_big_river, hellmouth_3,
          abyss_entry_crystal, minmay_staircase_windowed_large
Depths:5: grunt_twist_and_shout, layout_honeycomb, minmay_splitting_lines,
          pf_coc_iceberg, pan_entry
Zot:1:    kennysheep_spiral_hall, layout_misc_corridors
Zot:2:    layout_gridlike, st_stairs_3, st_small_dragon_hoard_2, door_vault
Zot:3:    layout_cathedral_of_symmetry, ebering_ghost_xom,
          hangedman_player_shredder
Zot:4:    kennysheep_oblong_rooms, layout_onion_interference
Zot:5:    layout_basic, nicolae_lava_and_water

Skill      XL: |  1  2  3  4  5  6  7  8  9 10 11 12 13 14 15 16 17 18 19 20 21 22 23 24 25 26 27 |
---------------+----------------------------------------------------------------------------------+-----
Axes           | 3 4 5 6 8 9 11 13 15 16 19 22 24 26 | 26.3
Invocations    | 4 8 10 11 13 14 16 21 22 23 24 27 | 27.0
Fighting       | 8 13 14 15 16 17 18 20 21 22 27 | 27.0
Dodging        | 4 8 9 10 12 16 18 | 18.4
Armour         | 7 11 12 16 18 19 20 21 | 21.4
Evocations     | 4 7 |  7.4
Shields        | 7 13 15 | 15.3
Throwing       | 8 |  8.0

Action                   |  1- 3 |  4- 6 |  7- 9 | 10-12 | 13-15 | 16-18 | 19-21 | 22-24 | 25-27 || total
-------------------------+-------+-------+-------+-------+-------+-------+-------+-------+-------++-------
Melee: War axe           |    67 |   255 |   354 |    40 |       |       |       |       |       ||   716
       Broad axe         |       |       |       |   331 |   690 |  1192 |  1302 |  1315 |   538 ||  5368
       Flail             |       |       |       |     2 |       |       |       |       |       ||     2
       Mace              |       |       |       |     5 |     8 |       |       |       |       ||    13
       Executioner's axe |       |       |       |       |       |       |       |       |   928 ||   928
Invok: Convert to Beogh  |     1 |       |       |       |       |       |       |       |       ||     1
       Give Item to Name |       |       |     1 |       |     4 |     2 |     5 |     7 |     7 ||    26
       Smiting           |       |       |       |     2 |    17 |    44 |     5 |    12 |    15 ||    95
       Recall Orcish Fol |       |       |       |     5 |    16 |     6 |     4 |     3 |     8 ||    42
 Abil: Evoke Berserk Rag |       |       |       |       |       |       |     1 |     3 |    10 ||    14
Evoke: Wand              |       |       |     1 |     5 |     1 |    11 |       |    14 |     1 ||    33
  Use: Potion            |       |     5 |       |     7 |     4 |     3 |     3 |     3 |    11 ||    36
       Scroll            |       |     6 |     8 |    10 |    15 |     9 |     5 |    21 |    29 ||   103
 Stab: Paralysed         |       |       |     2 |       |     2 |       |       |       |     1 ||     5
       Distracted        |       |       |     3 |     3 |     9 |    17 |    31 |    13 |    14 ||    90
Armor: Scale mail        |    36 |    81 |   134 |   187 |   110 |       |       |       |       ||   548
       Plate armour      |       |       |       |       |   177 |   581 |   422 |   108 |       ||  1288
       Gold dragon scale |       |       |       |       |       |       |       |   433 |   980 ||  1413
Dodge: Dodged            |    22 |    62 |    89 |   163 |   422 |   677 |   530 |   676 |   846 ||  3487
Block: Kite shield       |    39 |   135 |   154 |   174 |   611 |  1602 |  1316 |  1462 |   744 ||  6237
       Reflection        |       |       |       |       |    24 |    54 |   176 |   158 |   113 ||   525
       Other             |       |       |       |       |       |       |       |       |   193 ||   193

Table legend: (Time is in decaauts)
 A = Elapsed time spent in this place.
 B = Non-inter-level travel time spent in this place.
 C = Inter-level travel time spent in this place.
 D = Time resting spent in this place.
 E = Time spent auto-exploring this place.
 F = Levels seen in this place.
 G = Mean time per level.
                   A        B        C        D        E       F      G
               +--------+--------+--------+--------+--------+-----+--------+
         Total |  89282 |  83408 |   5874 |  21950 |  27872 |  53 | 1684.6 |
       Dungeon |  26684 |  24077 |   2607 |   7061 |  12055 |  15 | 1778.9 |
          Lair |  10334 |   9562 |    772 |   1399 |   5902 |   6 | 1722.3 |
         Swamp |   7704 |   7201 |    503 |   2132 |   1397 |   4 | 1926.0 |
   Spider Nest |   5200 |   5050 |    150 |   1596 |   1153 |   4 | 1300.0 |
  Orcish Mines |   1426 |   1250 |    176 |    172 |    703 |   2 |  713.0 |
   Elven Halls |   3424 |   3296 |    128 |    336 |    786 |   3 | 1141.3 |
        Vaults |  12738 |  11945 |    793 |   2411 |   3193 |   5 | 2547.6 |
        Depths |  12862 |  12158 |    704 |   2782 |   2327 |   5 | 2572.4 |
           Zot |   7694 |   7656 |     38 |   3601 |     58 |   5 | 1538.8 |
         Trove |     42 |     42 |      0 |      0 |      0 |   1 |   42.0 |
         Sewer |    190 |    190 |      0 |      0 |    116 |   1 |  190.0 |
       Ossuary |    408 |    408 |      0 |    123 |    181 |   1 |  408.0 |
      Ice Cave |    569 |    569 |      0 |    335 |      0 |   1 |  569.0 |
               +--------+--------+--------+--------+--------+-----+--------+

Top non-repeatable levels by time:
    D:15: 4387 daAuts
Depths:1: 3623 daAuts
Vaults:1: 3294 daAuts
    D:13: 3176 daAuts
Vaults:2: 3160 daAuts
    D:14: 2963 daAuts
Depths:2: 2938 daAuts
     D:9: 2623 daAuts
Vaults:4: 2544 daAuts
Depths:4: 2536 daAuts
 Swamp:4: 2510 daAuts
  Lair:4: 2293 daAuts
Vaults:3: 2248 daAuts
Depths:3: 2212 daAuts
    D:11: 2041 daAuts
